 Dungeon Crawl Stone Soup version 0.21-a0-64-g1c0f2e3 (webtiles) character file.

248 Murumi the Covert (level 5, 25/37 HPs)
             Began as a Vampire Enchanter on May 25, 2017.
             Quit the game on level 3 of the Dungeon on June 17, 2017.
             The game lasted 00:15:40 (3805 turns).

Murumi the Covert (Vampire Enchanter)               Turns: 3805, Time: 00:15:41

Health: 25/37      AC:  4    Str:  7    XL:     5   Next: 86%
Magic:  8/8        EV: 13    Int: 17    God:
Gold:   236        SH:  0    Dex: 16    Spells: 5/8 levels left

rFire    . . .     SeeInvis +   a - +1 dagger
rCold    + + .     Gourm    .   (no shield)
rNeg     + + .     Faith    .   s - +1 robe {rC+}
rPois    +         Spirit   .   (no helmet)
rElec    .         Reflect  .   (no cloak)
rCorr    +         Harm     .   l - +0 pair of gloves
MR       .....                  (no boots)
Stlth    +++++.....             (no amulet)
HPRegen  0.06/turn              k - ring of resist corrosion
MPRegen  0.11/turn              (no ring)

@: regenerating slowly
A: fangs 3, see invisible, unbreathing
a: Bat Form


You were on level 3 of the Dungeon.
You were very thirsty.

You visited 1 branch of the dungeon, and saw 4 of its levels.

You collected 236 gold pieces.

Inventory:

Hand Weapons
 a - a +1 dagger (weapon)
Armour
 l - a +0 pair of gloves (worn)
 r - a +2 robe of magic resistance
 s - a +1 robe of cold resistance (worn)
Jewellery
 k - a ring of resist corrosion (left hand)
 m - an uncursed ring of ice
Scrolls
 e - 3 scrolls of remove curse {unknown}
 f - a scroll of fear
 i - a scroll of magic mapping {unknown}
 n - a scroll of immolation {unknown}
 o - 2 scrolls of enchant armour {unknown}
Potions
 b - a potion of ambrosia {unknown}
 d - 21 potions of blood
 g - a potion of curing
 h - 3 potions of might {unknown}
 j - 2 potions of berserk rage {unknown}
 p - a potion of heal wounds {unknown}
 q - a potion of invisibility {unknown}
Books
 c - a book of Maledictions

   Spells                             Type                      Level
   a - Corona                         Hexes                        1
   b - Ensorcelled Hibernation        Hexes/Ice                    2
   c - Confuse                        Hexes                        3
   d - Tukima's Dance                 Hexes                        3
   e - Dazzling Spray                 Conjuration/Hexes            3


   Skills:
 - Level 1.0 Fighting
 - Level 3.1 Short Blades
 - Level 2.1 Dodging
 + Level 9.0 Stealth
 - Level 2.0 Spellcasting
 - Level 4.4 Hexes


You had 5 spell levels left.
You knew the following spells:

 Your Spells              Type           Power        Failure   Level  Hunger
a - Corona                Hex            ###....      3%          1    #......
b - Ensorcelled Hibernat  Hex/Ice        #.....       12%         2    ###....


Dungeon Overview and Level Annotations

Branches:
Dungeon (4/15)
 Temple: D:4-7

Altars:
Wu Jian

Shops:
D:4 :


Innate Abilities, Weirdness & Mutations

You heal slowly.
You have razor-sharp teeth.
You have supernaturally acute eyesight. (SInv)
You can survive without breathing.


Message History

Casting: Ensorcelled Hibernation
Confirm with . or Enter, or press ? or * to list all spells.
Aiming: Ensorcelled Hibernation
Press: ? - help, Shift-Dir - straight line, f/p - orc
Aim: an orc, wielding a hand axe and wearing a leather armour (chance to defeat MR: 58%)
The orc looks drowsy...
The helpless orc fails to defend itself.
You bite the orc, and draw its blood!
You feel better.
You feel slightly less thirsty.
You stick the orc like a pincushion!!!
You kill the orc!
Your Stealth skill increases to level 9!
Items here: ))) [[[ รท There isn't anything to bottle or butcher here.
There is a stone staircase leading down here.
You start resting.
Magic restored.
Unknown command.
Welcome back, Murumi the Vampire Enchanter.
Press ? for a list of commands and other information.
Are you sure you want to abandon this character and quit the game? (Confirm with "yes".)

.# ###...#...##.......##..# .#
##...###......#########.. .#
#####........#...## ##.
.####......#########.## #.
.........### #..### #.
#..#...### ##...# #. .....###
###.###### #.
.######################......#
#.
...............[@[...........#
#.
########################.....#
## #######


There were no monsters in sight!

Vanquished Creatures
  A howler monkey (D:3)
  Jessica (D:3)
  An iguana (D:4)
  An orc wizard (D:3)
  5 adders
  An ooze (D:3)
  A leopard gecko (D:2)
  11 orcs
  10 bats
  A giant cockroach (D:3)
  6 goblins
  10 hobgoblins
  6 jackals (D:3)
  2 quokkas (D:2)
  A ball python (D:2)
  6 frilled lizards
  7 kobolds
  3 rats
74 creatures vanquished.

Notes
Turn   | Place    | Note
-------+----------+-------------------------------------------
     0 | D:1      | Murumi the Vampire Enchanter began the quest for the Orb.
     0 | D:1      | Reached XP level 1. HP: 13/13 MP: 3/3
   495 | D:1      | Reached skill level 5 in Stealth
   710 | D:1      | Reached XP level 2. HP: 19/19 MP: 1/5
   716 | D:1      | Learned a level 2 spell: Ensorcelled Hibernation
  1176 | D:2      | Reached XP level 3. HP: 24/24 MP: 1/6
  1718 | D:2      | Reached skill level 1 in Fighting
  2208 | D:3      | Noticed Jessica
  2216 | D:3      | Reached XP level 4. HP: 31/32 MP: 7/7
  2249 | D:3      | Killed Jessica
  2249 | D:3      | Reached skill level 6 in Stealth
  2487 | D:3      | Reached skill level 7 in Stealth
  2836 | D:3      | Reached XP level 5. HP: 37/37 MP: 0/8
  3029 | D:3      | Found an ornate altar of the Wu Jian Council.
  3193 | D:4      | Found Otilio's Book Shoppe.
  3195 | D:4      | Reached skill level 8 in Stealth
  3771 | D:3      | Reached skill level 9 in Stealth
  3805 | D:3      | Upgraded the game from 0.21-a0-24-ga372141 to 0.21-a0-64-g1c0f2e3
  3805 | D:3      | Quit the game

Vault maps used:
D:1:      dpeg_arrival_three_smaller_balls
D:2:      roderic_roman_lattice
D:3:      nicolae_overflow_crystal_walls, uniq_jessica
D:4:      old_standard_altar, minmay_temple_entry_junction, serial_shops, shop,
          first_bread, dk_noncrumbling_3

Skill      XL: |  1  2  3  4  5 |
---------------+----------------+-----
Stealth        | 5 7 9 |  9.0
Short Blades   | 2 3 |  3.1
Fighting       | 1 |  1.0
Dodging        | |  2.1
Spellcasting   | |  2.0
Hexes          | |  4.4

Action                   |  1- 3 |  4- 6 || total
-------------------------+-------+-------++-------
Melee: Dagger            |    57 |   134 ||   191
       Bite              |     1 |    10 ||    11
 Cast: Corona            |     7 |       ||     7
       Ensorcelled Hiber |    14 |    35 ||    49
  Use: Scroll            |     4 |     1 ||     5
       Potion            |       |     2 ||     2
 Stab: Sleeping          |    29 |    21 ||    50
       Distracted        |     1 |       ||     1
Armor: Robe              |     5 |    29 ||    34
Dodge: Dodged            |    26 |    94 ||   120
